 Dungeon Crawl Stone Soup version 0.20.1-1-g8b1a95d (webtiles) character file.

4969 simples the Covert (level 10, -3/44 HPs)
             Began as a Spriggan Enchanter on Sept 7, 2017.
             Was an Elder of Dithmenos.
             Slain by a catoblepas (27 damage)
             ... on level 9 of the Dungeon.
             The game lasted 00:15:42 (8240 turns).

simples the Covert (Spriggan Enchanter)             Turns: 8240, Time: 00:15:43

Health: -3/44      AC:  4    Str:  4    XL:     10   Next: 28%
Magic:  12/24      EV: 27    Int: 20    God:    Dithmenos [****..]
Gold:   245        SH:  0    Dex: 17    Spells: 18/27 levels left

rFire    . . .     SeeInvis +   m - +2 dagger (freeze)
rCold    . . .     Gourm    .   (shield restricted)
rNeg     + . .     Faith    .   z - +1 robe {rN+}
rPois    .         Spirit   .   (helmet restricted)
rElec    .         Reflect  .   p - +0 cloak
rCorr    .         Harm     .   (gloves unavailable)
MR       +....                  (boots unavailable)
Stlth    ++++++++..             (no amulet)
Regen    0.2/turn               (no ring)
MPRegen  0.2/turn               (no ring)

@: wreathed by umbra, very quick
A: unfitting armour, see invisible, herbivore 3, speed 3, slow metabolism 2
a: Shadow Step, Renounce Religion


You were on level 9 of the Dungeon.
You worshipped Dithmenos.
Dithmenos was greatly pleased with you.
You were not hungry.

You visited 2 branches of the dungeon, and saw 10 of its levels.
You also visited: Sewer.

You collected 454 gold pieces.
You spent 209 gold pieces at shops.

Inventory:

Hand Weapons
 a - a +1 dagger
 m - a +2 dagger of freezing (weapon)
 J - a +1 dagger of venom
Armour
 p - a +0 cloak (worn)
 z - a +1 robe of positive energy (worn)
 G - a +2 buckler
Jewellery
 b - an uncursed ring of resist corrosion {unknown}
 l - an uncursed ring of stealth {unknown}
Wands
 D - a wand of scattershot (2/9)
 F - a wand of polymorph (12/24)
 I - a wand of lightning (6/15)
 L - a wand of paralysis (11/24)
 N - a wand of polymorph (13/24)
Scrolls
 e - 2 scrolls of amnesia
 h - 4 scrolls of teleportation
 k - 2 scrolls of magic mapping
 o - 2 scrolls of enchant weapon
 q - 2 scrolls of enchant armour
 s - a scroll of remove curse
 w - 3 scrolls of fear {unknown}
 x - a scroll of blinking
 y - a scroll of vulnerability
 A - a scroll of silence {unknown}
 C - a scroll of fog {unknown}
 O - a scroll of recharging {unknown}
Potions
 f - a potion of ambrosia {unknown}
 j - 2 potions of mutation {unknown}
 n - 3 potions of haste
 r - 2 potions of lignification {unknown}
 t - 5 potions of degeneration {unknown}
 u - 3 potions of flight {unknown}
 v - 2 potions of invisibility {unknown}
 B - 4 potions of might
 E - a potion of agility {unknown}
 H - a potion of brilliance {unknown}
 K - a potion of heal wounds {unknown}
 M - a potion of curing
Books
 c - a book of Maledictions

   Spells                             Type                      Level
   a - Corona                         Hexes                        1
   b - Ensorcelled Hibernation        Hexes/Ice                    2
   c - Confuse                        Hexes                        3
   d - Tukima's Dance                 Hexes                        3
   e - Dazzling Spray                 Conjuration/Hexes            3
Comestibles
 d - 6 bread rations
 g - 3 royal jellies
 i - 3 fruits


   Skills:
 - Level 1.1 Short Blades
 + Level 11.1 Dodging
 * Level 13.1 Stealth
 - Level 9.0 Spellcasting
 - Level 9.4 Hexes


You had 18 spell levels left.
You knew the following spells:

 Your Spells              Type           Power        Failure   Level  Hunger
a - Corona                Hex            #####..      1%          1    None
b - Ensorcelled Hibernat  Hex/Ice        ####..       1%          2    None
c - Confuse               Hex            #####...     1%          3    None
d - Dazzling Spray        Conj/Hex       ####..       3%          3    None


Dungeon Overview and Level Annotations

Branches:
Dungeon (9/15)             Temple (1/1) D:5
   Lair: D:8-11         Orc: D:9-12

Altars:
Ashenzari
Cheibriados
Dithmenos
Elyvilon
Fedhas
Gozag
Hepliaklqana
Kikubaaqudgha
Makhleb
Nemelex Xobeh
Okawaru
Qazlal
Ru
Sif Muna
Trog
Uskayaw
Vehumet
Xom
Yredelemnul
Zin
The Shining One

Shops:
D:7 %   D:8 *

Annotations:
D:8 2 transporters


Innate Abilities, Weirdness & Mutations

You are very small and have problems with some larger weapons.
You are too small for most types of armour.
You have supernaturally acute eyesight. (SInv)
You are a herbivore.
You cover ground extremely quickly.
You need consume almost no food.


Message History

The bullfrog gives a loud, deep croak!
You hit the catoblepas but do no damage.
The catoblepas is almost dead.
You hit the bullfrog but do no damage.
Your shadow hits the bullfrog with a dagger.
The bullfrog misses you. The bullfrog closely misses you.
The bullfrog completely misses you.
Casting: Confuse
Confirm with . or Enter, or press ? or * to list all spells.
Aiming: Confuse
Press: ? - help, Shift-Dir - straight line, f - bullfrog, p - catoblepas
Aim: a bullfrog (lightly wounded, umbra, chance to defeat MR: 71%)
The bullfrog appears confused.
The bullfrog misses you.
The catoblepas seems less confused.
The catoblepas completely misses you.
You hit the catoblepas. You freeze the catoblepas.
The catoblepas is severely wounded.
Your shadow hits the catoblepas but does no damage.
The catoblepas gores you!!
Ouch! That really hurt!
You die...

##### ....###
########### ......#
#.F.@.....# ......#
#....Y....#
......#######.###.....#
##............# #.....#
.#............# ###.[.#
.#............# +...#
.#.....^......# #...#
.#.....<......#
#...####
)'.#######....#
#......#


You could see a catoblepas and a bullfrog (confused).

Vanquished Creatures
  A two-headed ogre (D:8)
  A manticore (D:9)
  Grinder (D:3)
  Sigmund (D:6)
  Grum (D:9)
  A steam dragon (D:8)
  2 hungry ghosts (D:7)
  Edmund (D:6)
  An ice beast (D:7)
  2 orc warriors
  2 sky beasts (D:6)
  A necrophage (D:9)
  4 wolves
  4 ogres
  A phantom (D:6)
  2 centaurs (D:6)
  A big kobold (D:7)
  Blork the orc (D:4)
  4 bullfrogs
  A gnoll sergeant (D:6)
  3 scorpions
  3 howler monkeys
  2 crimson imps
  A hound (D:7)
  A jelly (D:3)
  4 orc wizards
  2 orc priests
  Natasha (thrice) (D:3)
  5 worker ants
  11 gnolls
  7 adders
  A shadow imp (D:5)
  5 oozes (Sewer)
  An adder zombie (D:6)
  5 worms
  5 dart slugs
  7 leopard geckos
  28 orcs
  6 giant cockroaches
  4 goblins
  10 hobgoblins
  6 jackals
  4 quokkas
  5 ball pythons
  2 ball python skeletons (D:4)
  18 bats
  9 frilled lizards
  11 kobolds
  A leopard gecko zombie (D:7)
  A quokka zombie (D:6)
  8 rats
  A spectral orc (D:2)
213 creatures vanquished.

Notes
Turn   | Place    | Note
-------+----------+-------------------------------------------
     0 | D:1      | simples the Spriggan Enchanter began the quest for the Orb.
     0 | D:1      | Reached XP level 1. HP: 9/9 MP: 5/5
   238 | D:1      | Reached XP level 2. HP: 13/13 MP: 7/7
   433 | D:1      | Learned a level 2 spell: Ensorcelled Hibernation
   719 | D:2      | Reached XP level 3. HP: 16/16 MP: 8/8
   965 | D:2      | Reached skill level 5 in Stealth
  1229 | D:2      | Found a shadowy altar of Dithmenos.
  1250 | D:2      | Became a worshipper of Dithmenos the Shadowed
  1415 | D:2      | Found a basalt altar of Yredelemnul.
  1768 | D:2      | Learned a level 3 spell: Confuse
  1772 | D:3      | Reached XP level 4. HP: 21/21 MP: 4/10
  1959 | D:3      | Noticed Grinder
  2714 | D:3      | Killed Grinder
  2714 | D:3      | Reached skill level 5 in Dodging
  2714 | D:3      | Reached skill level 6 in Stealth
  2714 | D:3      | Reached skill level 5 in Hexes
  2714 | D:3      | Reached XP level 5. HP: 18/24 MP: 1/13
  2714 | D:3      | Reached XP level 6. HP: 22/28 MP: 1/14
  2797 | D:3      | Reached * piety under Dithmenos
  3034 | D:3      | Noticed Natasha
  3070 | D:3      | Killed Natasha
  3070 | D:3      | Reached skill level 5 in Spellcasting
  3184 | D:3      | Noticed Natasha
  3191 | D:3      | Killed Natasha
  3299 | D:3      | Reached skill level 7 in Stealth
  3337 | D:3      | Noticed Natasha
  3349 | D:3      | Killed Natasha
  3738 | D:4      | Reached ** piety under Dithmenos
  3786 | D:4      | Reached XP level 7. HP: 26/32 MP: 4/16
  3976 | D:4      | Found a glowing drain.
  3983 | Sewer    | Entered a sewer
  4479 | D:4      | Reached *** piety under Dithmenos
  4505 | D:4      | Noticed Blork the orc
  4523 | D:4      | Killed Blork the orc
  4593 | D:4      | Reached skill level 8 in Stealth
  4733 | D:5      | Entered Level 5 of the Dungeon
  4919 | D:5      | Found a snail-covered altar of Cheibriados.
  5239 | D:5      | Found a staircase to the Ecumenical Temple.
  5368 | Temple   | Entered the Ecumenical Temple
  5440 | D:6      | Found an iron altar of Okawaru.
  5444 | D:6      | Reached XP level 8. HP: 36/36 MP: 18/18
  5447 | D:6      | Noticed Sigmund
  5456 | D:6      | Killed Sigmund
  5456 | D:6      | Reached skill level 9 in Stealth
  5528 | D:6      | Found an ancient bone altar of Kikubaaqudgha.
  5549 | D:6      | Noticed Edmund
  5586 | D:6      | Killed Edmund
  6017 | D:6      | Reached **** piety under Dithmenos
  6087 | D:6      | Reached skill level 10 in Stealth
  6148 | D:6      | Found a stormy altar of Qazlal.
  6248 | D:7      | Found Derut's Food Emporium.
  6369 | D:7      | Reached XP level 9. HP: 39/39 MP: 5/21
  6447 | D:7      | Found a radiant altar of Vehumet.
  6605 | D:7      | Found a sparkling altar of Nemelex Xobeh.
  7005 | D:8      | Found Rawany's General Store.
  7013 | D:8      | Bought a scroll of identify for 22 gold pieces
  7013 | D:8      | Bought a potion of haste for 110 gold pieces
  7013 | D:8      | Bought a potion of curing for 33 gold pieces
  7013 | D:8      | Bought a potion of might for 44 gold pieces
  7035 | D:8      | Reached skill level 11 in Stealth
  7075 | D:8      | Found a transporter.
  7078 | D:8      | Found an opulent altar of Gozag.
  7079 | D:8      | Found a transporter.
  7081 | D:8      | Noticed a manticore
  7085 | D:8      | Noticed a gargoyle
  7246 | D:8      | Noticed a two-headed ogre
  7248 | D:8      | Killed a two-headed ogre
  7248 | D:8      | Reached skill level 10 in Dodging
  7640 | D:9      | Noticed Grum
  7652 | D:9      | Learned a level 3 spell: Dazzling Spray
  7719 | D:8      | Reached XP level 10. HP: 19/44 MP: 5/24
  7955 | D:8      | Reached skill level 12 in Stealth
  8039 | D:9      | Noticed a manticore
  8045 | D:9      | Killed a manticore
  8076 | D:9      | Killed Grum
  8144 | D:9      | Reached skill level 13 in Stealth
  8188 | D:9      | Noticed a catoblepas
  8240 | D:9      | Slain by a catoblepas

Skill      XL: |  1  2  3  4  5  6  7  8  9 10 |
---------------+-------------------------------+-----
Spellcasting   | 3 4 5 6 7 9 |  9.0
Stealth        | 5 6 7 8 10 11 13 | 13.1
Hexes          | 4 5 6 8 9 |  9.4
Dodging        | 4 5 7 8 10 11 | 11.1
Short Blades   | |  1.1

Action                   |  1- 3 |  4- 6 |  7- 9 | 10-12 || total
-------------------------+-------+-------+-------+-------++-------
Melee: Short sword       |    73 |   124 |    82 |       ||   279
       Dagger            |       |       |   207 |    27 ||   234
 Cast: Ensorcelled Hiber |     3 |    50 |    31 |     2 ||    86
       Confuse           |     1 |     8 |    47 |    10 ||    66
       Corona            |       |     1 |       |       ||     1
       Dazzling Spray    |       |       |     2 |       ||     2
  Use: Scroll            |       |       |     9 |       ||     9
 Stab: Sleeping          |    16 |    31 |    66 |     8 ||   121
       Confused          |       |     2 |    22 |     7 ||    31
       Distracted        |       |       |     3 |       ||     3
  Eat: Fruit             |       |     1 |       |       ||     1
       Bread ration      |       |       |     1 |       ||     1
Armor: Robe              |     2 |    11 |     9 |       ||    22
Dodge: Dodged            |    53 |   126 |   177 |    20 ||   376
